Workbook

Sheet Inventory
A1: Reseller inventory spreadsheet
A2: Type in the yellow columns. The purple columns work themselves out. Set Status to Sold and pick where it sold to get fees and profit. Free template from quicklistai.org
A4: SKU | B4: Item | C4: Brand | D4: Category | E4: Size | F4: Condition | G4: Where you bought it | H4: Date bought | I4: Cost | J4: Bin / location | K4: Listed on | L4: Date listed | M4: List price | N4: Status | O4: Sold on | P4: Date sold | Q4: Sold price | R4: Shipping you paid | S4: Fees (estimate) | T4: Fees (your number) | U4: Net profit | V4: Margin | W4: Days to sell | X4: Notes
A5: QL-001 | B5: Lululemon Align leggings, black | C5: Lululemon | D5: Activewear | E5: 6 | F5: Like new | G5: Goodwill | H5: 46299 | I5: 6.99 | J5: Bin A | K5: Poshmark, Mercari | L5: 46300 | M5: 48 | N5: Sold | O5: Poshmark | P5: 46307 | Q5: 42 | R5: 0 | S5: =IF(OR(O5="",Q5=""),"",IFERROR(IF(AND(INDEX(Fees!$D$5:$D$15,MATCH(O5,Fees!$A$5:$A$15,0))>0,Q5<INDEX(Fees!$D$5:$D$15,MATCH(O5,Fees!$A$5:$A$15,0))),Q5*INDEX(Fees!$E$5:$E$15,MATCH(O5,Fees!$A$5:$A$15,0))+INDEX(Fees!$F$5:$F$15,MATCH(O5,Fees!$A$5:$A$15,0)),Q5*INDEX(Fees!$B$5:$B$15,MATCH(O5,Fees!$A$5:$A$15,0))+INDEX(Fees!$C$5:$C$15,MATCH(O5,Fees!$A$5:$A$15,0))),"")) | U5: =IF(AND(N5="Sold",Q5<>""),Q5-N(I5)-N(R5)-IF(T5<>"",T5,N(S5)),"") | V5: =IF(AND(U5<>"",N(Q5)>0),U5/Q5,"") | W5: =IF(AND(ISNUMBER(P5),ISNUMBER(L5)),P5-L5,"") | X5: Example row: delete or overwrite
A6: QL-002 | B6: Levi's 501 jeans, medium wash | C6: Levi's | D6: Denim | E6: 32x30 | F6: Good | G6: Thrift store | H6: 46299 | I6: 8.5 | J6: Bin A | K6: eBay, Depop | L6: 46301 | M6: 45 | N6: Sold | O6: eBay | P6: 46315 | Q6: 39 | R6: 6.1 | S6: =IF(OR(O6="",Q6=""),"",IFERROR(IF(AND(INDEX(Fees!$D$5:$D$15,MATCH(O6,Fees!$A$5:$A$15,0))>0,Q6<INDEX(Fees!$D$5:$D$15,MATCH(O6,Fees!$A$5:$A$15,0))),Q6*INDEX(Fees!$E$5:$E$15,MATCH(O6,Fees!$A$5:$A$15,0))+INDEX(Fees!$F$5:$F$15,MATCH(O6,Fees!$A$5:$A$15,0)),Q6*INDEX(Fees!$B$5:$B$15,MATCH(O6,Fees!$A$5:$A$15,0))+INDEX(Fees!$C$5:$C$15,MATCH(O6,Fees!$A$5:$A$15,0))),"")) | U6: =IF(AND(N6="Sold",Q6<>""),Q6-N(I6)-N(R6)-IF(T6<>"",T6,N(S6)),"") | V6: =IF(AND(U6<>"",N(Q6)>0),U6/Q6,"") | W6: =IF(AND(ISNUMBER(P6),ISNUMBER(L6)),P6-L6,"") | X6: Seller-paid shipping
A7: QL-003 | B7: Patagonia Better Sweater fleece | C7: Patagonia | D7: Outerwear | E7: M | F7: Good | G7: Estate sale | H7: 46313 | I7: 12 | J7: Bin B | K7: Poshmark, eBay, Mercari | L7: 46314 | M7: 65 | N7: Listed | S7: =IF(OR(O7="",Q7=""),"",IFERROR(IF(AND(INDEX(Fees!$D$5:$D$15,MATCH(O7,Fees!$A$5:$A$15,0))>0,Q7<INDEX(Fees!$D$5:$D$15,MATCH(O7,Fees!$A$5:$A$15,0))),Q7*INDEX(Fees!$E$5:$E$15,MATCH(O7,Fees!$A$5:$A$15,0))+INDEX(Fees!$F$5:$F$15,MATCH(O7,Fees!$A$5:$A$15,0)),Q7*INDEX(Fees!$B$5:$B$15,MATCH(O7,Fees!$A$5:$A$15,0))+INDEX(Fees!$C$5:$C$15,MATCH(O7,Fees!$A$5:$A$15,0))),"")) | U7: =IF(AND(N7="Sold",Q7<>""),Q7-N(I7)-N(R7)-IF(T7<>"",T7,N(S7)),"") | V7: =IF(AND(U7<>"",N(Q7)>0),U7/Q7,"") | W7: =IF(AND(ISNUMBER(P7),ISNUMBER(L7)),P7-L7,"")
S8: =IF(OR(O8="",Q8=""),"",IFERROR(IF(AND(INDEX(Fees!$D$5:$D$15,MATCH(O8,Fees!$A$5:$A$15,0))>0,Q8<INDEX(Fees!$D$5:$D$15,MATCH(O8,Fees!$A$5:$A$15,0))),Q8*INDEX(Fees!$E$5:$E$15,MATCH(O8,Fees!$A$5:$A$15,0))+INDEX(Fees!$F$5:$F$15,MATCH(O8,Fees!$A$5:$A$15,0)),Q8*INDEX(Fees!$B$5:$B$15,MATCH(O8,Fees!$A$5:$A$15,0))+INDEX(Fees!$C$5:$C$15,MATCH(O8,Fees!$A$5:$A$15,0))),"")) | U8: =IF(AND(N8="Sold",Q8<>""),Q8-N(I8)-N(R8)-IF(T8<>"",T8,N(S8)),"") | V8: =IF(AND(U8<>"",N(Q8)>0),U8/Q8,"") | W8: =IF(AND(ISNUMBER(P8),ISNUMBER(L8)),P8-L8,"")
S9: =IF(OR(O9="",Q9=""),"",IFERROR(IF(AND(INDEX(Fees!$D$5:$D$15,MATCH(O9,Fees!$A$5:$A$15,0))>0,Q9<INDEX(Fees!$D$5:$D$15,MATCH(O9,Fees!$A$5:$A$15,0))),Q9*INDEX(Fees!$E$5:$E$15,MATCH(O9,Fees!$A$5:$A$15,0))+INDEX(Fees!$F$5:$F$15,MATCH(O9,Fees!$A$5:$A$15,0)),Q9*INDEX(Fees!$B$5:$B$15,MATCH(O9,Fees!$A$5:$A$15,0))+INDEX(Fees!$C$5:$C$15,MATCH(O9,Fees!$A$5:$A$15,0))),"")) | U9: =IF(AND(N9="Sold",Q9<>""),Q9-N(I9)-N(R9)-IF(T9<>"",T9,N(S9)),"") | V9: =IF(AND(U9<>"",N(Q9)>0),U9/Q9,"") | W9: =IF(AND(ISNUMBER(P9),ISNUMBER(L9)),P9-L9,"")
S10: =IF(OR(O10="",Q10=""),"",IFERROR(IF(AND(INDEX(Fees!$D$5:$D$15,MATCH(O10,Fees!$A$5:$A$15,0))>0,Q10<INDEX(Fees!$D$5:$D$15,MATCH(O10,Fees!$A$5:$A$15,0))),Q10*INDEX(Fees!$E$5:$E$15,MATCH(O10,Fees!$A$5:$A$15,0))+INDEX(Fees!$F$5:$F$15,MATCH(O10,Fees!$A$5:$A$15,0)),Q10*INDEX(Fees!$B$5:$B$15,MATCH(O10,Fees!$A$5:$A$15,0))+INDEX(Fees!$C$5:$C$15,MATCH(O10,Fees!$A$5:$A$15,0))),"")) | U10: =IF(AND(N10="Sold",Q10<>""),Q10-N(I10)-N(R10)-IF(T10<>"",T10,N(S10)),"") | V10: =IF(AND(U10<>"",N(Q10)>0),U10/Q10,"") | W10: =IF(AND(ISNUMBER(P10),ISNUMBER(L10)),P10-L10,"")
S11: =IF(OR(O11="",Q11=""),"",IFERROR(IF(AND(INDEX(Fees!$D$5:$D$15,MATCH(O11,Fees!$A$5:$A$15,0))>0,Q11<INDEX(Fees!$D$5:$D$15,MATCH(O11,Fees!$A$5:$A$15,0))),Q11*INDEX(Fees!$E$5:$E$15,MATCH(O11,Fees!$A$5:$A$15,0))+INDEX(Fees!$F$5:$F$15,MATCH(O11,Fees!$A$5:$A$15,0)),Q11*INDEX(Fees!$B$5:$B$15,MATCH(O11,Fees!$A$5:$A$15,0))+INDEX(Fees!$C$5:$C$15,MATCH(O11,Fees!$A$5:$A$15,0))),"")) | U11: =IF(AND(N11="Sold",Q11<>""),Q11-N(I11)-N(R11)-IF(T11<>"",T11,N(S11)),"") | V11: =IF(AND(U11<>"",N(Q11)>0),U11/Q11,"") | W11: =IF(AND(ISNUMBER(P11),ISNUMBER(L11)),P11-L11,"")
S12: =IF(OR(O12="",Q12=""),"",IFERROR(IF(AND(INDEX(Fees!$D$5:$D$15,MATCH(O12,Fees!$A$5:$A$15,0))>0,Q12<INDEX(Fees!$D$5:$D$15,MATCH(O12,Fees!$A$5:$A$15,0))),Q12*INDEX(Fees!$E$5:$E$15,MATCH(O12,Fees!$A$5:$A$15,0))+INDEX(Fees!$F$5:$F$15,MATCH(O12,Fees!$A$5:$A$15,0)),Q12*INDEX(Fees!$B$5:$B$15,MATCH(O12,Fees!$A$5:$A$15,0))+INDEX(Fees!$C$5:$C$15,MATCH(O12,Fees!$A$5:$A$15,0))),"")) | U12: =IF(AND(N12="Sold",Q12<>""),Q12-N(I12)-N(R12)-IF(T12<>"",T12,N(S12)),"") | V12: =IF(AND(U12<>"",N(Q12)>0),U12/Q12,"") | W12: =IF(AND(ISNUMBER(P12),ISNUMBER(L12)),P12-L12,"")
S13: =IF(OR(O13="",Q13=""),"",IFERROR(IF(AND(INDEX(Fees!$D$5:$D$15,MATCH(O13,Fees!$A$5:$A$15,0))>0,Q13<INDEX(Fees!$D$5:$D$15,MATCH(O13,Fees!$A$5:$A$15,0))),Q13*INDEX(Fees!$E$5:$E$15,MATCH(O13,Fees!$A$5:$A$15,0))+INDEX(Fees!$F$5:$F$15,MATCH(O13,Fees!$A$5:$A$15,0)),Q13*INDEX(Fees!$B$5:$B$15,MATCH(O13,Fees!$A$5:$A$15,0))+INDEX(Fees!$C$5:$C$15,MATCH(O13,Fees!$A$5:$A$15,0))),"")) | U13: =IF(AND(N13="Sold",Q13<>""),Q13-N(I13)-N(R13)-IF(T13<>"",T13,N(S13)),"") | V13: =IF(AND(U13<>"",N(Q13)>0),U13/Q13,"") | W13: =IF(AND(ISNUMBER(P13),ISNUMBER(L13)),P13-L13,"")
S14: =IF(OR(O14="",Q14=""),"",IFERROR(IF(AND(INDEX(Fees!$D$5:$D$15,MATCH(O14,Fees!$A$5:$A$15,0))>0,Q14<INDEX(Fees!$D$5:$D$15,MATCH(O14,Fees!$A$5:$A$15,0))),Q14*INDEX(Fees!$E$5:$E$15,MATCH(O14,Fees!$A$5:$A$15,0))+INDEX(Fees!$F$5:$F$15,MATCH(O14,Fees!$A$5:$A$15,0)),Q14*INDEX(Fees!$B$5:$B$15,MATCH(O14,Fees!$A$5:$A$15,0))+INDEX(Fees!$C$5:$C$15,MATCH(O14,Fees!$A$5:$A$15,0))),"")) | U14: =IF(AND(N14="Sold",Q14<>""),Q14-N(I14)-N(R14)-IF(T14<>"",T14,N(S14)),"") | V14: =IF(AND(U14<>"",N(Q14)>0),U14/Q14,"") | W14: =IF(AND(ISNUMBER(P14),ISNUMBER(L14)),P14-L14,"")
S15: =IF(OR(O15="",Q15=""),"",IFERROR(IF(AND(INDEX(Fees!$D$5:$D$15,MATCH(O15,Fees!$A$5:$A$15,0))>0,Q15<INDEX(Fees!$D$5:$D$15,MATCH(O15,Fees!$A$5:$A$15,0))),Q15*INDEX(Fees!$E$5:$E$15,MATCH(O15,Fees!$A$5:$A$15,0))+INDEX(Fees!$F$5:$F$15,MATCH(O15,Fees!$A$5:$A$15,0)),Q15*INDEX(Fees!$B$5:$B$15,MATCH(O15,Fees!$A$5:$A$15,0))+INDEX(Fees!$C$5:$C$15,MATCH(O15,Fees!$A$5:$A$15,0))),"")) | U15: =IF(AND(N15="Sold",Q15<>""),Q15-N(I15)-N(R15)-IF(T15<>"",T15,N(S15)),"") | V15: =IF(AND(U15<>"",N(Q15)>0),U15/Q15,"") | W15: =IF(AND(ISNUMBER(P15),ISNUMBER(L15)),P15-L15,"")
S16: =IF(OR(O16="",Q16=""),"",IFERROR(IF(AND(INDEX(Fees!$D$5:$D$15,MATCH(O16,Fees!$A$5:$A$15,0))>0,Q16<INDEX(Fees!$D$5:$D$15,MATCH(O16,Fees!$A$5:$A$15,0))),Q16*INDEX(Fees!$E$5:$E$15,MATCH(O16,Fees!$A$5:$A$15,0))+INDEX(Fees!$F$5:$F$15,MATCH(O16,Fees!$A$5:$A$15,0)),Q16*INDEX(Fees!$B$5:$B$15,MATCH(O16,Fees!$A$5:$A$15,0))+INDEX(Fees!$C$5:$C$15,MATCH(O16,Fees!$A$5:$A$15,0))),"")) | U16: =IF(AND(N16="Sold",Q16<>""),Q16-N(I16)-N(R16)-IF(T16<>"",T16,N(S16)),"") | V16: =IF(AND(U16<>"",N(Q16)>0),U16/Q16,"") | W16: =IF(AND(ISNUMBER(P16),ISNUMBER(L16)),P16-L16,"")
S17: =IF(OR(O17="",Q17=""),"",IFERROR(IF(AND(INDEX(Fees!$D$5:$D$15,MATCH(O17,Fees!$A$5:$A$15,0))>0,Q17<INDEX(Fees!$D$5:$D$15,MATCH(O17,Fees!$A$5:$A$15,0))),Q17*INDEX(Fees!$E$5:$E$15,MATCH(O17,Fees!$A$5:$A$15,0))+INDEX(Fees!$F$5:$F$15,MATCH(O17,Fees!$A$5:$A$15,0)),Q17*INDEX(Fees!$B$5:$B$15,MATCH(O17,Fees!$A$5:$A$15,0))+INDEX(Fees!$C$5:$C$15,MATCH(O17,Fees!$A$5:$A$15,0))),"")) | U17: =IF(AND(N17="Sold",Q17<>""),Q17-N(I17)-N(R17)-IF(T17<>"",T17,N(S17)),"") | V17: =IF(AND(U17<>"",N(Q17)>0),U17/Q17,"") | W17: =IF(AND(ISNUMBER(P17),ISNUMBER(L17)),P17-L17,"")
S18: =IF(OR(O18="",Q18=""),"",IFERROR(IF(AND(INDEX(Fees!$D$5:$D$15,MATCH(O18,Fees!$A$5:$A$15,0))>0,Q18<INDEX(Fees!$D$5:$D$15,MATCH(O18,Fees!$A$5:$A$15,0))),Q18*INDEX(Fees!$E$5:$E$15,MATCH(O18,Fees!$A$5:$A$15,0))+INDEX(Fees!$F$5:$F$15,MATCH(O18,Fees!$A$5:$A$15,0)),Q18*INDEX(Fees!$B$5:$B$15,MATCH(O18,Fees!$A$5:$A$15,0))+INDEX(Fees!$C$5:$C$15,MATCH(O18,Fees!$A$5:$A$15,0))),"")) | U18: =IF(AND(N18="Sold",Q18<>""),Q18-N(I18)-N(R18)-IF(T18<>"",T18,N(S18)),"") | V18: =IF(AND(U18<>"",N(Q18)>0),U18/Q18,"") | W18: =IF(AND(ISNUMBER(P18),ISNUMBER(L18)),P18-L18,"")
S19: =IF(OR(O19="",Q19=""),"",IFERROR(IF(AND(INDEX(Fees!$D$5:$D$15,MATCH(O19,Fees!$A$5:$A$15,0))>0,Q19<INDEX(Fees!$D$5:$D$15,MATCH(O19,Fees!$A$5:$A$15,0))),Q19*INDEX(Fees!$E$5:$E$15,MATCH(O19,Fees!$A$5:$A$15,0))+INDEX(Fees!$F$5:$F$15,MATCH(O19,Fees!$A$5:$A$15,0)),Q19*INDEX(Fees!$B$5:$B$15,MATCH(O19,Fees!$A$5:$A$15,0))+INDEX(Fees!$C$5:$C$15,MATCH(O19,Fees!$A$5:$A$15,0))),"")) | U19: =IF(AND(N19="Sold",Q19<>""),Q19-N(I19)-N(R19)-IF(T19<>"",T19,N(S19)),"") | V19: =IF(AND(U19<>"",N(Q19)>0),U19/Q19,"") | W19: =IF(AND(ISNUMBER(P19),ISNUMBER(L19)),P19-L19,"")
... S1004: =IF(OR(O1004="",Q1004=""),"",IFERROR(IF(AND(INDEX(Fees!$D$5:$D$15,MATCH(O1004,Fees!$A$5:$A$15,0))>0,Q1004<INDEX(Fees!$D$5:$D$15,MATCH(O1004,Fees!$A$5:$A$15,0))),Q1004*INDEX(Fees!$E$5:$E$15,MATCH(O1004,Fees!$A$5:$A$15,0))+INDEX(Fees!$F$5:$F$15,MATCH(O1004,Fees!$A$5:$A$15,0)),Q1004*INDEX(Fees!$B$5:$B$15,MATCH(O1004,Fees!$A$5:$A$15,0))+INDEX(Fees!$C$5:$C$15,MATCH(O1004,Fees!$A$5:$A$15,0))),"")) | U1004: =IF(AND(N1004="Sold",Q1004<>""),Q1004-N(I1004)-N(R1004)-IF(T1004<>"",T1004,N(S1004)),"") | V1004: =IF(AND(U1004<>"",N(Q1004)>0),U1004/Q1004,"") | W1004: =IF(AND(ISNUMBER(P1004),ISNUMBER(L1004)),P1004-L1004,"")

Sheet Summary
A1: Summary
A2: Everything here updates from the Inventory tab. Nothing to type except the year below.
A4: Items in stock or listed | B4: =COUNTIFS(Inventory!$N$5:$N$1004,"In stock")+COUNTIFS(Inventory!$N$5:$N$1004,"Listed")
A5: Money tied up in unsold stock | B5: =SUMIFS(Inventory!$I$5:$I$1004,Inventory!$N$5:$N$1004,"In stock")+SUMIFS(Inventory!$I$5:$I$1004,Inventory!$N$5:$N$1004,"Listed")
A6: Items sold | B6: =COUNTIFS(Inventory!$N$5:$N$1004,"Sold")
A7: Sales | B7: =SUMIFS(Inventory!$Q$5:$Q$1004,Inventory!$N$5:$N$1004,"Sold")
A8: Net profit | B8: =SUM(Inventory!$U$5:$U$1004)
A9: Average profit per sale | B9: =IF(B6>0,B8/B6,0)
A10: Profit margin | B10: =IF(B7>0,B8/B7,0)
A11: Average days to sell | B11: =IFERROR(AVERAGE(Inventory!$W$5:$W$1004),0)
A12: Sell-through rate (sold / everything bought) | B12: =IF(COUNTA(Inventory!$B$5:$B$1004)>0,B6/COUNTA(Inventory!$B$5:$B$1004),0)
A15: By marketplace
A16: Marketplace | B16: Items sold | C16: Sales | D16: Fees | E16: Net profit | F16: Avg days to sell
A17: =Fees!A5 | B17: =COUNTIFS(Inventory!$O$5:$O$1004,A17,Inventory!$N$5:$N$1004,"Sold") | C17: =SUMIFS(Inventory!$Q$5:$Q$1004,Inventory!$O$5:$O$1004,A17,Inventory!$N$5:$N$1004,"Sold") | D17: =C17-E17-SUMIFS(Inventory!$I$5:$I$1004,Inventory!$O$5:$O$1004,A17,Inventory!$N$5:$N$1004,"Sold")-SUMIFS(Inventory!$R$5:$R$1004,Inventory!$O$5:$O$1004,A17,Inventory!$N$5:$N$1004,"Sold") | E17: =SUMIFS(Inventory!$U$5:$U$1004,Inventory!$O$5:$O$1004,A17) | F17: =IFERROR(AVERAGEIFS(Inventory!$W$5:$W$1004,Inventory!$O$5:$O$1004,A17),"")
A18: =Fees!A6 | B18: =COUNTIFS(Inventory!$O$5:$O$1004,A18,Inventory!$N$5:$N$1004,"Sold") | C18: =SUMIFS(Inventory!$Q$5:$Q$1004,Inventory!$O$5:$O$1004,A18,Inventory!$N$5:$N$1004,"Sold") | D18: =C18-E18-SUMIFS(Inventory!$I$5:$I$1004,Inventory!$O$5:$O$1004,A18,Inventory!$N$5:$N$1004,"Sold")-SUMIFS(Inventory!$R$5:$R$1004,Inventory!$O$5:$O$1004,A18,Inventory!$N$5:$N$1004,"Sold") | E18: =SUMIFS(Inventory!$U$5:$U$1004,Inventory!$O$5:$O$1004,A18) | F18: =IFERROR(AVERAGEIFS(Inventory!$W$5:$W$1004,Inventory!$O$5:$O$1004,A18),"")
A19: =Fees!A7 | B19: =COUNTIFS(Inventory!$O$5:$O$1004,A19,Inventory!$N$5:$N$1004,"Sold") | C19: =SUMIFS(Inventory!$Q$5:$Q$1004,Inventory!$O$5:$O$1004,A19,Inventory!$N$5:$N$1004,"Sold") | D19: =C19-E19-SUMIFS(Inventory!$I$5:$I$1004,Inventory!$O$5:$O$1004,A19,Inventory!$N$5:$N$1004,"Sold")-SUMIFS(Inventory!$R$5:$R$1004,Inventory!$O$5:$O$1004,A19,Inventory!$N$5:$N$1004,"Sold") | E19: =SUMIFS(Inventory!$U$5:$U$1004,Inventory!$O$5:$O$1004,A19) | F19: =IFERROR(AVERAGEIFS(Inventory!$W$5:$W$1004,Inventory!$O$5:$O$1004,A19),"")
A20: =Fees!A8 | B20: =COUNTIFS(Inventory!$O$5:$O$1004,A20,Inventory!$N$5:$N$1004,"Sold") | C20: =SUMIFS(Inventory!$Q$5:$Q$1004,Inventory!$O$5:$O$1004,A20,Inventory!$N$5:$N$1004,"Sold") | D20: =C20-E20-SUMIFS(Inventory!$I$5:$I$1004,Inventory!$O$5:$O$1004,A20,Inventory!$N$5:$N$1004,"Sold")-SUMIFS(Inventory!$R$5:$R$1004,Inventory!$O$5:$O$1004,A20,Inventory!$N$5:$N$1004,"Sold") | E20: =SUMIFS(Inventory!$U$5:$U$1004,Inventory!$O$5:$O$1004,A20) | F20: =IFERROR(AVERAGEIFS(Inventory!$W$5:$W$1004,Inventory!$O$5:$O$1004,A20),"")
A21: =Fees!A9 | B21: =COUNTIFS(Inventory!$O$5:$O$1004,A21,Inventory!$N$5:$N$1004,"Sold") | C21: =SUMIFS(Inventory!$Q$5:$Q$1004,Inventory!$O$5:$O$1004,A21,Inventory!$N$5:$N$1004,"Sold") | D21: =C21-E21-SUMIFS(Inventory!$I$5:$I$1004,Inventory!$O$5:$O$1004,A21,Inventory!$N$5:$N$1004,"Sold")-SUMIFS(Inventory!$R$5:$R$1004,Inventory!$O$5:$O$1004,A21,Inventory!$N$5:$N$1004,"Sold") | E21: =SUMIFS(Inventory!$U$5:$U$1004,Inventory!$O$5:$O$1004,A21) | F21: =IFERROR(AVERAGEIFS(Inventory!$W$5:$W$1004,Inventory!$O$5:$O$1004,A21),"")
A22: =Fees!A10 | B22: =COUNTIFS(Inventory!$O$5:$O$1004,A22,Inventory!$N$5:$N$1004,"Sold") | C22: =SUMIFS(Inventory!$Q$5:$Q$1004,Inventory!$O$5:$O$1004,A22,Inventory!$N$5:$N$1004,"Sold") | D22: =C22-E22-SUMIFS(Inventory!$I$5:$I$1004,Inventory!$O$5:$O$1004,A22,Inventory!$N$5:$N$1004,"Sold")-SUMIFS(Inventory!$R$5:$R$1004,Inventory!$O$5:$O$1004,A22,Inventory!$N$5:$N$1004,"Sold") | E22: =SUMIFS(Inventory!$U$5:$U$1004,Inventory!$O$5:$O$1004,A22) | F22: =IFERROR(AVERAGEIFS(Inventory!$W$5:$W$1004,Inventory!$O$5:$O$1004,A22),"")
A23: =Fees!A11 | B23: =COUNTIFS(Inventory!$O$5:$O$1004,A23,Inventory!$N$5:$N$1004,"Sold") | C23: =SUMIFS(Inventory!$Q$5:$Q$1004,Inventory!$O$5:$O$1004,A23,Inventory!$N$5:$N$1004,"Sold") | D23: =C23-E23-SUMIFS(Inventory!$I$5:$I$1004,Inventory!$O$5:$O$1004,A23,Inventory!$N$5:$N$1004,"Sold")-SUMIFS(Inventory!$R$5:$R$1004,Inventory!$O$5:$O$1004,A23,Inventory!$N$5:$N$1004,"Sold") | E23: =SUMIFS(Inventory!$U$5:$U$1004,Inventory!$O$5:$O$1004,A23) | F23: =IFERROR(AVERAGEIFS(Inventory!$W$5:$W$1004,Inventory!$O$5:$O$1004,A23),"")
A24: =Fees!A12 | B24: =COUNTIFS(Inventory!$O$5:$O$1004,A24,Inventory!$N$5:$N$1004,"Sold") | C24: =SUMIFS(Inventory!$Q$5:$Q$1004,Inventory!$O$5:$O$1004,A24,Inventory!$N$5:$N$1004,"Sold") | D24: =C24-E24-SUMIFS(Inventory!$I$5:$I$1004,Inventory!$O$5:$O$1004,A24,Inventory!$N$5:$N$1004,"Sold")-SUMIFS(Inventory!$R$5:$R$1004,Inventory!$O$5:$O$1004,A24,Inventory!$N$5:$N$1004,"Sold") | E24: =SUMIFS(Inventory!$U$5:$U$1004,Inventory!$O$5:$O$1004,A24) | F24: =IFERROR(AVERAGEIFS(Inventory!$W$5:$W$1004,Inventory!$O$5:$O$1004,A24),"")
A25: =Fees!A13 | B25: =COUNTIFS(Inventory!$O$5:$O$1004,A25,Inventory!$N$5:$N$1004,"Sold") | C25: =SUMIFS(Inventory!$Q$5:$Q$1004,Inventory!$O$5:$O$1004,A25,Inventory!$N$5:$N$1004,"Sold") | D25: =C25-E25-SUMIFS(Inventory!$I$5:$I$1004,Inventory!$O$5:$O$1004,A25,Inventory!$N$5:$N$1004,"Sold")-SUMIFS(Inventory!$R$5:$R$1004,Inventory!$O$5:$O$1004,A25,Inventory!$N$5:$N$1004,"Sold") | E25: =SUMIFS(Inventory!$U$5:$U$1004,Inventory!$O$5:$O$1004,A25) | F25: =IFERROR(AVERAGEIFS(Inventory!$W$5:$W$1004,Inventory!$O$5:$O$1004,A25),"")
A26: =Fees!A14 | B26: =COUNTIFS(Inventory!$O$5:$O$1004,A26,Inventory!$N$5:$N$1004,"Sold") | C26: =SUMIFS(Inventory!$Q$5:$Q$1004,Inventory!$O$5:$O$1004,A26,Inventory!$N$5:$N$1004,"Sold") | D26: =C26-E26-SUMIFS(Inventory!$I$5:$I$1004,Inventory!$O$5:$O$1004,A26,Inventory!$N$5:$N$1004,"Sold")-SUMIFS(Inventory!$R$5:$R$1004,Inventory!$O$5:$O$1004,A26,Inventory!$N$5:$N$1004,"Sold") | E26: =SUMIFS(Inventory!$U$5:$U$1004,Inventory!$O$5:$O$1004,A26) | F26: =IFERROR(AVERAGEIFS(Inventory!$W$5:$W$1004,Inventory!$O$5:$O$1004,A26),"")
A27: =Fees!A15 | B27: =COUNTIFS(Inventory!$O$5:$O$1004,A27,Inventory!$N$5:$N$1004,"Sold") | C27: =SUMIFS(Inventory!$Q$5:$Q$1004,Inventory!$O$5:$O$1004,A27,Inventory!$N$5:$N$1004,"Sold") | D27: =C27-E27-SUMIFS(Inventory!$I$5:$I$1004,Inventory!$O$5:$O$1004,A27,Inventory!$N$5:$N$1004,"Sold")-SUMIFS(Inventory!$R$5:$R$1004,Inventory!$O$5:$O$1004,A27,Inventory!$N$5:$N$1004,"Sold") | E27: =SUMIFS(Inventory!$U$5:$U$1004,Inventory!$O$5:$O$1004,A27) | F27: =IFERROR(AVERAGEIFS(Inventory!$W$5:$W$1004,Inventory!$O$5:$O$1004,A27),"")
A30: By month
A31: Year | B31: 2026
A32: Month | B32: Items sold | C32: Sales | D32: Net profit | E32: Spent on stock
A33: January | B33: =COUNTIFS(Inventory!$P$5:$P$1004,">="&DATE($B$31,1,1),Inventory!$P$5:$P$1004,"<"&DATE($B$31,2,1),Inventory!$N$5:$N$1004,"Sold") | C33: =SUMIFS(Inventory!$Q$5:$Q$1004,Inventory!$P$5:$P$1004,">="&DATE($B$31,1,1),Inventory!$P$5:$P$1004,"<"&DATE($B$31,2,1),Inventory!$N$5:$N$1004,"Sold") | D33: =SUMIFS(Inventory!$U$5:$U$1004,Inventory!$P$5:$P$1004,">="&DATE($B$31,1,1),Inventory!$P$5:$P$1004,"<"&DATE($B$31,2,1)) | E33: =SUMIFS(Inventory!$I$5:$I$1004,Inventory!$H$5:$H$1004,">="&DATE($B$31,1,1),Inventory!$H$5:$H$1004,"<"&DATE($B$31,2,1))
A34: February | B34: =COUNTIFS(Inventory!$P$5:$P$1004,">="&DATE($B$31,2,1),Inventory!$P$5:$P$1004,"<"&DATE($B$31,3,1),Inventory!$N$5:$N$1004,"Sold") | C34: =SUMIFS(Inventory!$Q$5:$Q$1004,Inventory!$P$5:$P$1004,">="&DATE($B$31,2,1),Inventory!$P$5:$P$1004,"<"&DATE($B$31,3,1),Inventory!$N$5:$N$1004,"Sold") | D34: =SUMIFS(Inventory!$U$5:$U$1004,Inventory!$P$5:$P$1004,">="&DATE($B$31,2,1),Inventory!$P$5:$P$1004,"<"&DATE($B$31,3,1)) | E34: =SUMIFS(Inventory!$I$5:$I$1004,Inventory!$H$5:$H$1004,">="&DATE($B$31,2,1),Inventory!$H$5:$H$1004,"<"&DATE($B$31,3,1))
A35: March | B35: =COUNTIFS(Inventory!$P$5:$P$1004,">="&DATE($B$31,3,1),Inventory!$P$5:$P$1004,"<"&DATE($B$31,4,1),Inventory!$N$5:$N$1004,"Sold") | C35: =SUMIFS(Inventory!$Q$5:$Q$1004,Inventory!$P$5:$P$1004,">="&DATE($B$31,3,1),Inventory!$P$5:$P$1004,"<"&DATE($B$31,4,1),Inventory!$N$5:$N$1004,"Sold") | D35: =SUMIFS(Inventory!$U$5:$U$1004,Inventory!$P$5:$P$1004,">="&DATE($B$31,3,1),Inventory!$P$5:$P$1004,"<"&DATE($B$31,4,1)) | E35: =SUMIFS(Inventory!$I$5:$I$1004,Inventory!$H$5:$H$1004,">="&DATE($B$31,3,1),Inventory!$H$5:$H$1004,"<"&DATE($B$31,4,1))
A36: April | B36: =COUNTIFS(Inventory!$P$5:$P$1004,">="&DATE($B$31,4,1),Inventory!$P$5:$P$1004,"<"&DATE($B$31,5,1),Inventory!$N$5:$N$1004,"Sold") | C36: =SUMIFS(Inventory!$Q$5:$Q$1004,Inventory!$P$5:$P$1004,">="&DATE($B$31,4,1),Inventory!$P$5:$P$1004,"<"&DATE($B$31,5,1),Inventory!$N$5:$N$1004,"Sold") | D36: =SUMIFS(Inventory!$U$5:$U$1004,Inventory!$P$5:$P$1004,">="&DATE($B$31,4,1),Inventory!$P$5:$P$1004,"<"&DATE($B$31,5,1)) | E36: =SUMIFS(Inventory!$I$5:$I$1004,Inventory!$H$5:$H$1004,">="&DATE($B$31,4,1),Inventory!$H$5:$H$1004,"<"&DATE($B$31,5,1))
A37: May | B37: =COUNTIFS(Inventory!$P$5:$P$1004,">="&DATE($B$31,5,1),Inventory!$P$5:$P$1004,"<"&DATE($B$31,6,1),Inventory!$N$5:$N$1004,"Sold") | C37: =SUMIFS(Inventory!$Q$5:$Q$1004,Inventory!$P$5:$P$1004,">="&DATE($B$31,5,1),Inventory!$P$5:$P$1004,"<"&DATE($B$31,6,1),Inventory!$N$5:$N$1004,"Sold") | D37: =SUMIFS(Inventory!$U$5:$U$1004,Inventory!$P$5:$P$1004,">="&DATE($B$31,5,1),Inventory!$P$5:$P$1004,"<"&DATE($B$31,6,1)) | E37: =SUMIFS(Inventory!$I$5:$I$1004,Inventory!$H$5:$H$1004,">="&DATE($B$31,5,1),Inventory!$H$5:$H$1004,"<"&DATE($B$31,6,1))
A38: June | B38: =COUNTIFS(Inventory!$P$5:$P$1004,">="&DATE($B$31,6,1),Inventory!$P$5:$P$1004,"<"&DATE($B$31,7,1),Inventory!$N$5:$N$1004,"Sold") | C38: =SUMIFS(Inventory!$Q$5:$Q$1004,Inventory!$P$5:$P$1004,">="&DATE($B$31,6,1),Inventory!$P$5:$P$1004,"<"&DATE($B$31,7,1),Inventory!$N$5:$N$1004,"Sold") | D38: =SUMIFS(Inventory!$U$5:$U$1004,Inventory!$P$5:$P$1004,">="&DATE($B$31,6,1),Inventory!$P$5:$P$1004,"<"&DATE($B$31,7,1)) | E38: =SUMIFS(Inventory!$I$5:$I$1004,Inventory!$H$5:$H$1004,">="&DATE($B$31,6,1),Inventory!$H$5:$H$1004,"<"&DATE($B$31,7,1))
A39: July | B39: =COUNTIFS(Inventory!$P$5:$P$1004,">="&DATE($B$31,7,1),Inventory!$P$5:$P$1004,"<"&DATE($B$31,8,1),Inventory!$N$5:$N$1004,"Sold") | C39: =SUMIFS(Inventory!$Q$5:$Q$1004,Inventory!$P$5:$P$1004,">="&DATE($B$31,7,1),Inventory!$P$5:$P$1004,"<"&DATE($B$31,8,1),Inventory!$N$5:$N$1004,"Sold") | D39: =SUMIFS(Inventory!$U$5:$U$1004,Inventory!$P$5:$P$1004,">="&DATE($B$31,7,1),Inventory!$P$5:$P$1004,"<"&DATE($B$31,8,1)) | E39: =SUMIFS(Inventory!$I$5:$I$1004,Inventory!$H$5:$H$1004,">="&DATE($B$31,7,1),Inventory!$H$5:$H$1004,"<"&DATE($B$31,8,1))
A40: August | B40: =COUNTIFS(Inventory!$P$5:$P$1004,">="&DATE($B$31,8,1),Inventory!$P$5:$P$1004,"<"&DATE($B$31,9,1),Inventory!$N$5:$N$1004,"Sold") | C40: =SUMIFS(Inventory!$Q$5:$Q$1004,Inventory!$P$5:$P$1004,">="&DATE($B$31,8,1),Inventory!$P$5:$P$1004,"<"&DATE($B$31,9,1),Inventory!$N$5:$N$1004,"Sold") | D40: =SUMIFS(Inventory!$U$5:$U$1004,Inventory!$P$5:$P$1004,">="&DATE($B$31,8,1),Inventory!$P$5:$P$1004,"<"&DATE($B$31,9,1)) | E40: =SUMIFS(Inventory!$I$5:$I$1004,Inventory!$H$5:$H$1004,">="&DATE($B$31,8,1),Inventory!$H$5:$H$1004,"<"&DATE($B$31,9,1))
A41: September | B41: =COUNTIFS(Inventory!$P$5:$P$1004,">="&DATE($B$31,9,1),Inventory!$P$5:$P$1004,"<"&DATE($B$31,10,1),Inventory!$N$5:$N$1004,"Sold") | C41: =SUMIFS(Inventory!$Q$5:$Q$1004,Inventory!$P$5:$P$1004,">="&DATE($B$31,9,1),Inventory!$P$5:$P$1004,"<"&DATE($B$31,10,1),Inventory!$N$5:$N$1004,"Sold") | D41: =SUMIFS(Inventory!$U$5:$U$1004,Inventory!$P$5:$P$1004,">="&DATE($B$31,9,1),Inventory!$P$5:$P$1004,"<"&DATE($B$31,10,1)) | E41: =SUMIFS(Inventory!$I$5:$I$1004,Inventory!$H$5:$H$1004,">="&DATE($B$31,9,1),Inventory!$H$5:$H$1004,"<"&DATE($B$31,10,1))
A42: October | B42: =COUNTIFS(Inventory!$P$5:$P$1004,">="&DATE($B$31,10,1),Inventory!$P$5:$P$1004,"<"&DATE($B$31,11,1),Inventory!$N$5:$N$1004,"Sold") | C42: =SUMIFS(Inventory!$Q$5:$Q$1004,Inventory!$P$5:$P$1004,">="&DATE($B$31,10,1),Inventory!$P$5:$P$1004,"<"&DATE($B$31,11,1),Inventory!$N$5:$N$1004,"Sold") | D42: =SUMIFS(Inventory!$U$5:$U$1004,Inventory!$P$5:$P$1004,">="&DATE($B$31,10,1),Inventory!$P$5:$P$1004,"<"&DATE($B$31,11,1)) | E42: =SUMIFS(Inventory!$I$5:$I$1004,Inventory!$H$5:$H$1004,">="&DATE($B$31,10,1),Inventory!$H$5:$H$1004,"<"&DATE($B$31,11,1))
A43: November | B43: =COUNTIFS(Inventory!$P$5:$P$1004,">="&DATE($B$31,11,1),Inventory!$P$5:$P$1004,"<"&DATE($B$31,12,1),Inventory!$N$5:$N$1004,"Sold") | C43: =SUMIFS(Inventory!$Q$5:$Q$1004,Inventory!$P$5:$P$1004,">="&DATE($B$31,11,1),Inventory!$P$5:$P$1004,"<"&DATE($B$31,12,1),Inventory!$N$5:$N$1004,"Sold") | D43: =SUMIFS(Inventory!$U$5:$U$1004,Inventory!$P$5:$P$1004,">="&DATE($B$31,11,1),Inventory!$P$5:$P$1004,"<"&DATE($B$31,12,1)) | E43: =SUMIFS(Inventory!$I$5:$I$1004,Inventory!$H$5:$H$1004,">="&DATE($B$31,11,1),Inventory!$H$5:$H$1004,"<"&DATE($B$31,12,1))
A44: December | B44: =COUNTIFS(Inventory!$P$5:$P$1004,">="&DATE($B$31,12,1),Inventory!$P$5:$P$1004,"<"&DATE($B$31+1,1,1),Inventory!$N$5:$N$1004,"Sold") | C44: =SUMIFS(Inventory!$Q$5:$Q$1004,Inventory!$P$5:$P$1004,">="&DATE($B$31,12,1),Inventory!$P$5:$P$1004,"<"&DATE($B$31+1,1,1),Inventory!$N$5:$N$1004,"Sold") | D44: =SUMIFS(Inventory!$U$5:$U$1004,Inventory!$P$5:$P$1004,">="&DATE($B$31,12,1),Inventory!$P$5:$P$1004,"<"&DATE($B$31+1,1,1)) | E44: =SUMIFS(Inventory!$I$5:$I$1004,Inventory!$H$5:$H$1004,">="&DATE($B$31,12,1),Inventory!$H$5:$H$1004,"<"&DATE($B$31+1,1,1))
A45: Year total | B45: =SUM(B33:B44) | C45: =SUM(C33:C44) | D45: =SUM(D33:D44) | E45: =SUM(E33:E44)

Sheet Fees
A1: Marketplace fees
A2: Default US rates checked November 2026. Fees change, so edit the yellow cells to match your account. Estimates apply to the sold price only; some marketplaces also charge on the shipping the buyer pays.
A4: Marketplace | B4: Fee rate | C4: Fixed fee per sale | D4: Lower tier: sales under | E4: Lower tier rate | F4: Lower tier fixed fee | G4: Notes
A5: Poshmark | B5: 0.2 | C5: 0 | D5: 15 | E5: 0 | F5: 2.95 | G5: $2.95 flat under $15, 20% at $15 and up. Buyer pays the label.
A6: Mercari | B6: 0.1 | C6: 0 | D6: 0 | E6: 0 | F6: 0 | G6: 10% selling fee, no processing fee since January 2025.
A7: Depop | B7: 0.033 | C7: 0.45 | D7: 0 | E7: 0 | F7: 0 | G7: US: no selling fee since July 2024; payment processing about 3.3% + $0.45. Boosted sales cost extra.
A8: eBay | B8: 0.136 | C8: 0.4 | D8: 0 | E8: 0 | F8: 0 | G8: About 13.6% + $0.30 to $0.40 for most clothing. Rates vary by category; check yours.
A9: Vinted | B9: 0 | C9: 0 | D9: 0 | E9: 0 | F9: 0 | G9: US: no seller fees. The buyer pays the Vinted fee.
A10: Etsy | B10: 0.095 | C10: 0.45 | D10: 0 | E10: 0 | F10: 0 | G10: 6.5% transaction + about 3% + $0.25 processing + $0.20 listing fee.
A11: Grailed | B11: 0.125 | C11: 0.49 | D11: 120 | E11: 0.095 | F11: 0.49 | G11: 6% under $120, 9% at $120 and up, plus about 3.5% + $0.49 processing.
A12: Whatnot | B12: 0.109 | C12: 0.3 | D12: 0 | E12: 0 | F12: 0 | G12: 8% commission + about 2.9% + $0.30 processing.
A13: Facebook Marketplace | B13: 0 | C13: 0 | D13: 0 | E13: 0 | F13: 0 | G13: Local pickup is free. Enter the current rate for shipped sales.
A14: Amazon | B14: 0 | C14: 0 | D14: 0 | E14: 0 | F14: 0 | G14: Referral fees vary by category. Enter your rate.
A15: Other | B15: 0 | C15: 0 | D15: 0 | E15: 0 | F15: 0 | G15: Your own site, consignment, in person...
A17: How the estimate works: if a lower tier is set and the sale is under it, the lower tier rate and fee apply; otherwise the main rate and fee.
